 Dungeon Crawl Stone Soup version 0.24.0-37-gcf1ca852f1 (webtiles) character file.

Game seed: 8544953721330163352, levelgen mode: deterministic

2839 fletch the Cruncher (level 9, -3/80 HPs)
             Began as a Minotaur Fighter on Nov 24, 2019.
             Killed from afar by an electric eel (7 damage)
             ... with a bolt of electricity
             ... on level 7 of the Dungeon.
             The game lasted 00:45:04 (6994 turns).

fletch the Cruncher (Minotaur Fighter)              Turns: 6994, Time: 00:45:05

Health: -3/80      AC: 14    Str: 22    XL:     9   Next: 46%
Magic:  8/8        EV:  6    Int:  8    God:
Gold:   162        SH:  0    Dex: 11    Spells: 8/8 levels left

rFire    . . .     SeeInvis .   I - +2 quarterstaff (pain)
rCold    . . .     Gourm    .   (shield currently unavailable)
rNeg     . . .     Faith    .   A - +0 plate armour
rPois    .         Spirit   .   (helmet restricted)
rElec    .         Reflect  .   (no cloak)
rCorr    .         Harm     .   (no gloves)
MR       .....                  (no boots)
Stlth    ..........             (no amulet)
HPRegen  0.23/turn              w - +3 ring of protection
MPRegen  0.11/turn              E - ring of flight

@: no status effects
A: retaliatory headbutt, hooves 1, horns 2, clever 1
a: Evoke Flight


You were on level 7 of the Dungeon.
You were not hungry.

You visited 1 branch of the dungeon, and saw 7 of its levels.

You collected 312 gold pieces.
You spent 150 gold pieces at shops.

Inventory:

Hand Weapons
 a - a +0 rapier
 n - a +0 whip
 y - a +0 spear of venom
 I - a +2 quarterstaff of pain (weapon)
 R - a +0 falchion
Missiles
 g - 47 sling bullets
 k - 92 bolts
 l - 166 stones
 p - 42 poisoned darts
 t - 72 arrows
 T - 3 javelins (quivered)
Armour
 b - a +0 scale mail
 c - a +0 shield
 r - a +0 leather armour
 s - a +0 ring mail
 u - a +0 shield
 A - a +0 plate armour (worn)
 K - a +0 buckler
 N - a +1 cloak
Jewellery
 w - a +3 ring of protection (left hand)
 D - an uncursed amulet of the acrobat {unknown}
 E - a ring of flight (right hand)
Wands
 J - a wand of flame (23)
 P - a wand of polymorph (9)
Scrolls
 h - 2 scrolls of identify
 o - a scroll of magic mapping
 q - 2 scrolls of remove curse
 C - 4 scrolls of fog {unknown}
 F - 3 scrolls of teleportation {unknown}
 G - 3 scrolls of amnesia {unknown}
 M - 2 scrolls of immolation {unknown}
 Q - a scroll of enchant armour {unknown}
Potions
 d - a potion of might
 e - 3 potions of lignification {unknown}
 i - 2 potions of degeneration {unknown}
 j - a potion of resistance {unknown}
 m - 2 potions of berserk rage {unknown}
 v - 3 potions of heal wounds {unknown}
 x - 3 potions of brilliance {unknown}
 z - 3 potions of curing
 B - a potion of invisibility {unknown}
 L - a potion of mutation
 O - a potion of ambrosia {unknown}
 S - a potion of flight {unknown}
Comestibles
 f - 8 rations
 H - 7 chunks of flesh


   Skills:
 - Level 7.6 Fighting
 - Level 8.8 Short Blades
 + Level 10.5 Staves
 - Level 3.7 Armour
 - Level 3.6 Shields


You had 8 spell levels left.
You didn't know any spells.
Your spell library was empty.

Dungeon Overview and Level Annotations

Branches:
Dungeon (7/15)             Temple (0/1) D:7

Altars:
Ashenzari
Dithmenos
Elyvilon
Fedhas
Hepliaklqana
Kikubaaqudgha
Makhleb
Okawaru
Qazlal
Sif Muna
Trog
Vehumet
Wu Jian

Shops:
D:6 }!=*

Annotations:
D:4 1 transporter


Innate Abilities, Weirdness & Mutations

You reflexively headbutt those who attack you in melee.
You have a pair of horns on your head.
You have large cloven feet.
Your mind is acute. (Int +2)


Message History

* * * LOW HITPOINT WARNING * * *
As you read the scroll labeled MIVORGH IROI, it crumbles to dust.
It is a scroll of identify.
o - a scroll of magic mapping
As you read the scroll labeled VAOCIO FUNOV, it crumbles to dust.
You feel blessed for a moment.
It was a scroll of remove curse.
It was a potion of curing.
You feel better.
It was a potion of mutation.
You feel extremely strange.
Your feet thicken and deform.
You feel clever.
You start resting.
The electric eel is too close now for your liking.
The electric eel shoots out a bolt of lightning at you!
The bolt of electricity hits you!
* * * LOW HITPOINT WARNING * * *
The electric eel shoots out a bolt of lightning at you!
The bolt of electricity hits you!
* * * LOW HITPOINT WARNING * * *
The electric eel shoots out a bolt of lightning at you!
The bolt of electricity hits you!
You die...

..>###.# #..≈≈≈≈≈≈ .......#
#######.≈≈# ##.##### #.......≈≈+
#.# #.#.....≈≈### ##.####
#.#.....≈≈≈≈≈≈ ≈≈≈ ......#
#####<#.....≈≈≈≈≈≈≈ ≈≈≈ .#.##.#
#...........≈≈###≈≈# #≈≈ .#....#
#.###†#.#.#.≈≈# +≈≈# +≈≈ .###..#
#.# #)†@....;≈###≈≈###≈≈ .###..#
#.# ##..#.###≈≈≈≈≈≈≈≈≈≈. .##...#
#.###8..8## #≈≈≈≈≈≈≈≈#.
......####.##_...._####..........
............###..###............+
.#...###.####......###..........#
.##..# #.# ###..### #.#.......##
.###.###.# #....._# #.##.....##
.# #..##.# ###..### #.###...##


You could see an electric eel.

Vanquished Creatures
  Pikel (D:5)
  A hornet (D:7)
  3 black bears (D:7)
  2 sky beasts (D:7)
  3 ogres
  2 phantoms
  3 centaurs
  A big kobold (D:7)
  2 bullfrogs
  A gnoll sergeant (D:7)
  A scorpion (D:5)
  A howler monkey (D:5)
  A bullfrog zombie (D:5)
  2 hounds
  A bullfrog skeleton (D:3)
  2 orc priests
  5 orc wizards
  4 worker ants
  A killer bee zombie (D:7)
  9 gnolls
  9 adders
  A shadow imp (D:6)
  An ooze (D:1)
  4 adder skeletons
  An adder zombie (D:6)
  2 worms
  A dart slug (D:1)
  6 leopard geckos
  13 orcs
  4 giant cockroaches
  4 goblins
  7 hobgoblins
  11 jackals
  16 kobolds
  4 quokkas
  2 ball pythons (D:3)
  10 bats
  A frilled lizard (D:1)
  9 rats
152 creatures vanquished.

Vanquished Creatures (others)
  An orc wizard (D:5)
  An orc (D:5)
  A giant cockroach (D:5)
3 creatures vanquished.

Grand Total: 155 creatures vanquished

Notes
Turn   | Place    | Note
-------+----------+-------------------------------------------
     0 | D:1      | fletch the Minotaur Fighter began the quest for the Orb.
     0 | D:1      | Reached XP level 1. HP: 19/19 MP: 0/0
   122 | D:1      | Reached XP level 2. HP: 23/27 MP: 1/1
   666 | D:1      | Reached skill level 5 in Fighting
   700 | D:1      | Reached XP level 3. HP: 35/36 MP: 2/2
  1161 | D:2      | Found an ancient bone altar of Kikubaaqudgha.
  1997 | D:3      | Reached XP level 4. HP: 44/44 MP: 3/3
  2535 | D:3      | Reached XP level 5. HP: 52/52 MP: 4/4
  2926 | D:3      | Found a burning altar of Makhleb.
  3659 | D:4      | Found a transporter.
  3680 | D:4      | Reached XP level 6. HP: 53/61 MP: 5/5
  3916 | D:4      | You fall into a shaft and drop 1 floor!
  3916 | D:5      | Entered Level 5 of the Dungeon
  3966 | D:5      | Noticed Pikel
  3971 | D:5      | Noticed a slave
  3972 | D:5      | Noticed a slave
  3972 | D:5      | Reached skill level 5 in Short Blades
  3972 | D:5      | Noticed a slave
  3973 | D:5      | Noticed a slave
  3975 | D:5      | Killed Pikel
  3975 | D:5      | Reached XP level 7. HP: 45/67 MP: 6/6
  4006 | D:5      | Reached XP level 8. HP: 49/74 MP: 7/7
  4007 | D:5      | Found a shadowy altar of Dithmenos.
  4282 | D:5      | Noticed a moth of wrath
  4284 | D:5      | Found a bloodstained altar of Trog.
  4368 | D:6      | Found Wehenis's General Store.
  4370 | D:6      | Found Ybus's Distillery.
  4371 | D:6      | Found Fopp's Jewellery Shoppe.
  4372 | D:6      | Found Oritop's Gadget Shoppe.
  4421 | D:6      | Bought a wand of flame (23) for 150 gold pieces
  4481 | D:6      | Reached skill level 1 in Staves
  4543 | D:6      | Found a hazy altar of Hepliaklqana.
  4552 | D:6      | Reached skill level 2 in Staves
  4805 | D:6      | Reached skill level 3 in Staves
  4829 | D:6      | Reached skill level 4 in Staves
  5384 | D:5      | Reached skill level 5 in Staves
  5676 | D:7      | Noticed a hornet
  5690 | D:7      | Killed a hornet
  5690 | D:7      | Reached skill level 7 in Staves
  5788 | D:7      | Found a staircase to the Ecumenical Temple.
  6091 | D:7      | Reached skill level 8 in Staves
  6091 | D:7      | Reached XP level 9. HP: 78/80 MP: 8/8
  6166 | D:7      | Found an ornate altar of the Wu Jian Council.
  6166 | D:7      | Found a white marble altar of Elyvilon.
  6262 | D:7      | Reached skill level 9 in Staves
  6867 | D:7      | Found a shimmering blue altar of Sif Muna.
  6873 | D:7      | Reached skill level 10 in Staves
  6892 | D:7      | Found an iron altar of Okawaru.
  6906 | D:7      | Found a radiant altar of Vehumet.
  6906 | D:7      | Found a stormy altar of Qazlal.
  6908 | D:7      | Found a bloodstained altar of Trog.
  6909 | D:7      | Found a blossoming altar of Fedhas.
  6916 | D:7      | Found a shattered altar of Ashenzari.
  6959 | D:7      | Gained mutation: You have large cloven feet. [potion of
                  | mutation]
  6959 | D:7      | Gained mutation: Your mind is acute. (Int +2) [potion of
                  | mutation]
  6993 | D:7      | HP: 4/80 [electric eel/bolt of electricity (9)]
  6994 | D:7      | Killed from afar by an electric eel

Levels and vault maps discovered:
D:1:      dpeg_arrival_shrine, layout_basic, minmay_domino_2
D:2:      layout_basic, lemuel_crystal_altar, first_ration
D:3:      layout_basic, lemuel_doored_altar
D:4:      layout_loops_ring, gammafunk_ghost_mausoleum
D:5:      kennysheep_spiral_hall, layout_rooms, nicolae_dithmenos_shadow_blocks,
          tgw_trog, uniq_pikel
D:6:      layout_gridville, overflow_temple_1_default, minmay_shop_grid_forest
D:7:      layout_loops_corners, minitemple, gammafunk_temple_overflow_elements,
          minmay_temple_entry_proselytizer, hangedman_abyss_or_decor_stabs,
          grunt_ogre_cave, water_boxes_lemuel

Skill      XL: |  1  2  3  4  5  6  7  8  9 |
---------------+----------------------------+-----
Fighting       | 4 5 7 |  7.6
Short Blades   | 3 7 8 |  8.8
Staves         | 8 10 | 10.5
Armour         | |  3.7
Shields        | |  3.6

Action                   |  1- 3 |  4- 6 |  7- 9 || total
-------------------------+-------+-------+-------++-------
Melee: Rapier            |    80 |   187 |    45 ||   312
       Headbutt          |    10 |    28 |    40 ||    78
       Quarterstaff      |       |       |   167 ||   167
Throw: Dart              |     2 |     6 |       ||     8
       Javelin           |       |       |    11 ||    11
  Use: Potion            |       |     1 |     2 ||     3
       Scroll            |       |       |     2 ||     2
  Eat: Chunk             |     2 |     4 |     2 ||     8
       Ration            |     1 |       |     3 ||     4
Armor: Scale mail        |    33 |     5 |       ||    38
       Plate armour      |       |    93 |   159 ||   252
Dodge: Dodged            |    23 |    24 |    54 ||   101
Block: Shield            |    47 |    92 |    17 ||   156
